 Dungeon Crawl Stone Soup version 0.30-a0-137-gd8773701ce (webtiles) character file.

Game seed: 10685464587757000332

144 Dreamer the Grasshopper (level 5, -4/38 HPs)
             Began as a Formicid Warper on Sept 23, 2022.
             Slain by an iguana (8 damage)
             ... on level 4 of the Dungeon.
             The game lasted 00:10:21 (3804 turns).

Dreamer the Grasshopper (Formicid Warper)           Turns: 3804, Time: 00:10:22

Health: -4/38      AC:  8    Str: 24    XL:     5   Next: 51%
Magic:  8/8        EV:  8    Int: 18    God:
Gold:   197        SH:  5    Dex: 13    Spells: 4/8 levels left

rFire   . . .      SeeInvis +    a - +0 mace
rCold   . . .      Faith    .    (no shield)
rNeg    . . .      Spirit   .    s - +0 chain mail
rPois   .          Reflect  +    (helmet unavailable)
rElec   .          Harm     .    (no cloak)
rCorr   .          Rampage  .    (no gloves)
Will    .....                    (no boots)
Stlth   ..........               t - amulet of reflection
HPRegen 0.12/turn                f - +6 ring of intelligence
MPRegen 0.11/turn                k - +6 ring of strength

@: no status effects
A: permanent stasis, dig shafts and tunnels, antennae 3, four strong arms
a: Dig, Shaft Self


You were on level 4 of the Dungeon.
You visited 1 branch of the dungeon, and saw 4 of its levels.

You collected 267 gold pieces.
You spent 70 gold pieces at shops.

Inventory:

Hand Weapons
 a - a +0 mace (weapon)
 z - a +0 flail
Missiles
 c - 7 boomerangs of dispersal
 d - 18 stones (quivered)
 u - 8 poisoned darts
 w - a boomerang
Armour
 s - a +0 chain mail (worn)
Jewellery
 f - a +6 ring of intelligence (left hand)
 k - a +6 ring of strength (right hand)
 t - an amulet of reflection (around neck)
 v - a ring of resist corrosion
Wands
 y - a wand of flame (10)
 C - a wand of acid (9)
Scrolls
 b - 2 scrolls of teleportation {unknown}
 e - a scroll of immolation {unknown}
 j - a scroll of amnesia {unknown}
 m - a scroll of noise
 r - a scroll of poison {unknown}
 x - a scroll of summoning {unknown}
 A - a scroll of identify
Potions
 g - a potion of heal wounds
 h - a potion of might
 i - a potion of berserk rage
 l - a potion of lignification {unknown}
 n - 2 potions of degeneration {unknown}
 o - a potion of cancellation {unknown}
 p - a potion of haste {unknown}
 q - a potion of curing {unknown}
 B - a potion of resistance {unknown}


   Skills:
 - Level 2.1 Fighting
 + Level 3.4 Maces & Flails
 + Level 2.8 Throwing
 - Level 1.1 Armour
 - Level 1.7 Dodging
 - Level 2.1 Spellcasting
 + Level 3.7 Translocations


You had 4 spell levels left.
You knew the following spells:

 Your Spells              Type           Power      Damage    Failure   Level
a - Manifold Assault      Tloc           15%        N/A       97%         4

Your spell library contained the following spells:

 Spells                   Type           Power      Damage    Failure   Level
 Gell's Gravitas          Tloc           15%        N/A       67%         3
 Lesser Beckoning         Tloc           15%        N/A       67%         3
 Teleport Other           Tloc           15%        N/A       67%         3
 Scorch                   Fire           2%         2d5       91%         2
 Flame Wave               Conj/Fire      1%         2d4       100%        4
 Summon Cactus Giant      Summ           0%         N/A       100%        6
 Blink                    Tloc           Unusable   N/A       N/A         2

Dungeon Overview and Level Annotations

Branches:
Dungeon (4/15)
 Temple: D:4-7

Altars:
Kikubaaqudgha
Xom
Zin

Shops:
D:1 [?

Annotations:
D:3 1 runed translucent door, exclusion: door, Colgate's ghost, amateur OpTm
D:4 2 transporters, jehirs's ghost, amateur HOMo


Innate Abilities, Weirdness & Mutations

You cannot be hasted, slowed, berserked, paralysed or teleported.
You can dig through walls and to a lower floor.
You have a pair of large antennae on your head. (SInv)
Your four strong arms can wield two-handed weapons with a shield.


Message History

You barely miss the iguana.
The iguana is moderately wounded.
The iguana bites you.
* * * LOW HITPOINT WARNING * * *
You feel much better. The iguana completely misses you.
You closely miss the iguana.
The iguana is moderately wounded.
The iguana bites you but does no damage.
The iguana bites you.
You closely miss the iguana.
The iguana is moderately wounded.
The iguana closely misses you.
You hit the iguana.
The iguana is moderately wounded.
You block the iguana's attack.
You closely miss the iguana.
The iguana is moderately wounded.
The iguana bites you.
You barely miss the iguana.
The iguana is moderately wounded.
The iguana bites you. You block the iguana's attack.
You hit the iguana.
The iguana is heavily wounded.
The iguana bites you!
* * * LOW HITPOINT WARNING * * *
You hit the iguana.
The iguana is heavily wounded.
The iguana barely misses you.
You barely miss the iguana.
The iguana is heavily wounded.
The iguana barely misses you.
You hit the iguana.
The iguana is severely wounded.
The iguana bites you.
* * * LOW HITPOINT WARNING * * *
The iguana bites you but does no damage.
You hit the iguana but do no damage.
The iguana is severely wounded.
The iguana bites you!
You die...

######...#............#O..
........[#............#..#
.........#............#O#.
.........#............#.#.
.......l.#...........©#{.#
........##............#{..
........##.######....©#$.#
........##.)......##..#.#.
.......sl@........##..#O#.
........##........'...#O.#
........##........##..#...
#.########........##..####
# #........######
#........# #........#
##########


You could see a scorpion and an iguana.

Vanquished Creatures
  5 adders
  A worm (D:3)
  4 dart slugs
  7 orcs (D:3)
  10 endoplasms
  2 giant cockroaches
  3 goblins
  8 hobgoblins
  4 jackals (D:2)
  9 kobolds
  2 quokkas (D:1)
  5 ball pythons
  5 bats
  5 frilled lizards
  6 rats
76 creatures vanquished.

Vanquished Creatures (others)
  2 withered plants (D:3)
2 creatures vanquished.

Grand Total: 78 creatures vanquished

Notes
Turn   | Place    | Note
-------+----------+-------------------------------------------
     0 | D:1      | Dreamer the Formicid Warper began the quest for the Orb.
     0 | D:1      | Reached XP level 1. HP: 16/16 MP: 3/3
   112 | D:1      | Found Etokliji's Antique Armour Shop.
   158 | D:1      | Reached XP level 2. HP: 4/22 MP: 5/5
   905 | D:1      | Found Dibriuru's Magic Scroll Shoppe.
  1164 | D:1      | Bought a scroll of identify for 28 gold pieces
  1164 | D:1      | Bought a scroll of identify for 28 gold pieces
  1164 | D:1      | Bought a scroll of noise for 14 gold pieces
  1322 | D:1      | Reached XP level 3. HP: 26/27 MP: 6/6
  1589 | D:2      | Found an ancient bone altar of Kikubaaqudgha.
  1602 | D:2      | Reached XP level 4. HP: 33/33 MP: 7/7
  2028 | D:2      | Noticed a phantom
  2299 | D:1      | Learned a level 4 spell: Manifold Assault
  2628 | D:3      | Found a glowing silver altar of Zin.
  2692 | D:3      | Reached XP level 5. HP: 36/38 MP: 8/8
  2966 | D:3      | Found a runed translucent door.
  2967 | D:3      | Noticed Colgate's ghost (amateur OpTm)
  2987 | D:2      | Found a faded altar of an unknown god.
  3092 | D:3      | Found a shimmering altar of Xom.
  3729 | D:4      | Found a transporter.
  3731 | D:4      | Found a transporter.
  3732 | D:4      | Noticed jehirs's ghost (amateur HOMo)
  3732 | D:4      | Noticed an ogre
  3732 | D:4      | Noticed an ogre
  3734 | D:4      | Noticed an ogre
  3804 | D:4      | Slain by an iguana

Illustrated notes

Levels and vault maps discovered:
D:1:      minmay_arrival_radiant_lines, layout_basic, serial_shops, shop,
          nicolae_shop_waterfront, minmay_octomino_j4
D:2:      layout_rooms, chequers_ecumenical_altar_simple_redux, basic_altar
D:3:      layout_loops_ring, zin_statuary, mainiacjoe_overflow_surrounded_room,
          gammafunk_ghost_grave, amcnicky_mini_corridor_feature,
          grunt_ministairs_8
D:4:      layout_basic, trog_wizard, gammafunk_ghost_smash, serial_shops,
          kennysheep_mini_moat, shop

Skill      XL: |  1  2  3  4 |
---------------+-------------+-----
Translocations | 3 |  3.7
Throwing       | 2 |  2.8
Maces & Flails | 3 |  3.4
Fighting       | |  2.1
Armour         | |  1.1
Dodging        | |  1.7
Spellcasting   | |  2.1

Action                   |  1- 3 |  4- 6 || total
-------------------------+-------+-------++-------
Melee: Mace              |    95 |   195 ||   290
       Punch             |     1 |     1 ||     2
  Use: Scroll            |     2 |     1 ||     3
       Potion            |       |     1 ||     1
Armor: Ring mail         |     5 |       ||     5
       Leather armour    |     1 |       ||     1
       Scale mail        |    30 |    16 ||    46
       Chain mail        |       |    77 ||    77
Dodge: Dodged            |    49 |    64 ||   113
Block: Other             |       |    25 ||    25
       Reflection        |       |     1 ||     1

Table legend: (Time is in decaauts)
 A = Elapsed time spent in this place.
 B = Non-inter-level travel time spent in this place.
 C = Inter-level travel time spent in this place.
 D = Time resting spent in this place.
 E = Time spent auto-exploring this place.
 F = Levels seen in this place.
 G = Mean time per level.
                   A        B        C        D        E       F      G
               +--------+--------+--------+--------+--------+-----+--------+
         Total |   3893 |   3729 |    164 |   1219 |   1339 |   4 |  973.2 |
       Dungeon |   3893 |   3729 |    164 |   1219 |   1339 |   4 |  973.2 |
               +--------+--------+--------+--------+--------+-----+--------+

Top non-repeatable levels by time:
     D:1: 1552 daAuts
     D:3: 1259 daAuts
     D:2: 910 daAuts
     D:4: 170 daAuts
